Workbook

Sheet Summary
A1: Lawn Care Customer Lifetime Value Calculator
A3: Valuation date | B3: =Assumptions!$B$4
A5: Customers entered | C5: Active customers | E5: Paused customers | G5: Closed customers
A6: =COUNTIF(Customers!$A$4:$A$103,"<>") | C6: =IF($A$6=0,"",COUNTIF(Customers!$H$4:$H$103,"Active")) | E6: =IF($A$6=0,"",COUNTIF(Customers!$H$4:$H$103,"Paused")) | G6: =IF($A$6=0,"",COUNTIF(Customers!$H$4:$H$103,"Closed"))
A8: Active monthly revenue | C8: Active monthly contribution | E8: Active contribution margin | G8: Estimated total customer value
A9: =IF(COUNT(Customers!$I$4:$I$103)=0,"",SUMIF(Customers!$H$4:$H$103,"Active",Customers!$I$4:$I$103)) | C9: =IF(COUNT(Customers!$P$4:$P$103)=0,"",SUMIF(Customers!$H$4:$H$103,"Active",Customers!$P$4:$P$103)) | E9: =IFERROR($C$9/$A$9,"") | G9: =IF(COUNT(Customers!$S$4:$S$103)=0,"",SUM(Customers!$S$4:$S$103))
A11: Average customer value | C11: Average retention months | E11: Average acquisition cost | G11: Review items
A12: =IFERROR(AVERAGE(Customers!$S$4:$S$103),"") | C12: =IFERROR(AVERAGE(Customers!$O$4:$O$103),"") | E12: =IFERROR(AVERAGE(Customers!$M$4:$M$103),"") | G12: =IF($A$6=0,"",COUNTIF(Customers!$V$4:$V$103,"Review:*"))
A15: Value by segment
A16: Segment | B16: Customers | C16: Monthly Revenue | D16: Monthly Contribution | E16: Estimated Customer Value
A17: Residential Core | B17: =COUNTIF(Customers!$D$4:$D$103,$A17) | C17: =IF($B17=0,"",SUMIF(Customers!$D$4:$D$103,$A17,Customers!$I$4:$I$103)) | D17: =IF($B17=0,"",SUMIF(Customers!$D$4:$D$103,$A17,Customers!$P$4:$P$103)) | E17: =IF($B17=0,"",SUMIF(Customers!$D$4:$D$103,$A17,Customers!$S$4:$S$103))
A18: Residential Premium | B18: =COUNTIF(Customers!$D$4:$D$103,$A18) | C18: =IF($B18=0,"",SUMIF(Customers!$D$4:$D$103,$A18,Customers!$I$4:$I$103)) | D18: =IF($B18=0,"",SUMIF(Customers!$D$4:$D$103,$A18,Customers!$P$4:$P$103)) | E18: =IF($B18=0,"",SUMIF(Customers!$D$4:$D$103,$A18,Customers!$S$4:$S$103))
A19: Small Commercial | B19: =COUNTIF(Customers!$D$4:$D$103,$A19) | C19: =IF($B19=0,"",SUMIF(Customers!$D$4:$D$103,$A19,Customers!$I$4:$I$103)) | D19: =IF($B19=0,"",SUMIF(Customers!$D$4:$D$103,$A19,Customers!$P$4:$P$103)) | E19: =IF($B19=0,"",SUMIF(Customers!$D$4:$D$103,$A19,Customers!$S$4:$S$103))
A20: Seasonal | B20: =COUNTIF(Customers!$D$4:$D$103,$A20) | C20: =IF($B20=0,"",SUMIF(Customers!$D$4:$D$103,$A20,Customers!$I$4:$I$103)) | D20: =IF($B20=0,"",SUMIF(Customers!$D$4:$D$103,$A20,Customers!$P$4:$P$103)) | E20: =IF($B20=0,"",SUMIF(Customers!$D$4:$D$103,$A20,Customers!$S$4:$S$103))
A21: Other | B21: =COUNTIF(Customers!$D$4:$D$103,$A21) | C21: =IF($B21=0,"",SUMIF(Customers!$D$4:$D$103,$A21,Customers!$I$4:$I$103)) | D21: =IF($B21=0,"",SUMIF(Customers!$D$4:$D$103,$A21,Customers!$P$4:$P$103)) | E21: =IF($B21=0,"",SUMIF(Customers!$D$4:$D$103,$A21,Customers!$S$4:$S$103))

Sheet Customers
A1: Customer Value Working Records
A2: Yellow cells are editable. | B2: Formula cells calculate after required inputs are entered.
A3: Customer ID | B3: Customer | C3: Property | D3: Segment | E3: Service Plan | F3: Start Date | G3: End Date | H3: Status | I3: Monthly Recurring Revenue | J3: Visits / Month | K3: Direct Cost / Visit | L3: Monthly Overhead | M3: Acquisition Cost | N3: Retention Override (Months) | O3: Retention Months Used | P3: Monthly Contribution | Q3: Contribution Margin | R3: Estimated Lifetime Revenue | S3: Estimated Customer Value | T3: Observed Months | U3: Acquisition Payback (Months) | V3: Review Alert
A4: FIC-1001 | B4: Fictional Maple Kite Household | C4: Fictional Maple Kite Yard | D4: Residential Core | E4: Basic Mow | F4: 45362 | H4: Active | I4: 185 | J4: 4 | K4: 28 | L4: 18 | M4: 90 | O4: =IF($A4="","",IF($N4<>"",$N4,IFERROR(VLOOKUP($D4,Assumptions!$F$4:$G$8,2,FALSE),""))) | P4: =IF($A4="","",IF(OR($I4="",$J4="",$K4="",$L4=""),"",IFERROR($I4-($J4*$K4)-$L4,""))) | Q4: =IF($A4="","",IFERROR($P4/$I4,"")) | R4: =IF($A4="","",IF(OR($I4="",$O4=""),"",IFERROR($I4*$O4,""))) | S4: =IF($A4="","",IF(OR($P4="",$O4="",$M4=""),"",IFERROR(($P4*$O4)-$M4,""))) | T4: =IF($A4="","",IF($F4="","",IFERROR(MAX(0,DATEDIF($F4,IF(AND($H4="Closed",$G4<>""),$G4,Assumptions!$B$4),"m")),""))) | U4: =IF($A4="","",IFERROR(IF($P4>0,$M4/$P4,""),"")) | V4: =IF($A4="","",IF(OR($D4="",$E4="",$F4="",$H4="",$I4="",$J4="",$K4="",$L4="",$M4=""),"Review: missing input",IF(AND($F4<>"",$F4>Assumptions!$B$4),"Review: future start",IF(AND($F4<>"",$G4<>"",$G4<$F4),"Review: date order",IF(AND($G4<>"",$G4>Assumptions!$B$4),"Review: future end",IF(AND($H4="Closed",$G4=""),"Review: closed date",IF(AND($H4<>"Closed",$G4<>""),"Review: status/date",IF(OR($O4="",$O4<=0),"Review: retention",IF(AND($T4<>"",$O4<$T4),"Review: retention",IF(AND($P4<>"",$P4<=0),"Review: contribution",IF(AND($Q4<>"",$Q4<Assumptions!$B$5),"Review: low margin",IF(AND($U4<>"",$U4>Assumptions!$B$6),"Review: payback","OK"))))))))))))
A5: FIC-1002 | B5: Fictional Cedar Lantern Household | C5: Fictional Cedar Lantern Yard | D5: Residential Premium | E5: Full Lawn | F5: 45849 | H5: Active | I5: 340 | J5: 4 | K5: 45 | L5: 25 | M5: 145 | O5: =IF($A5="","",IF($N5<>"",$N5,IFERROR(VLOOKUP($D5,Assumptions!$F$4:$G$8,2,FALSE),""))) | P5: =IF($A5="","",IF(OR($I5="",$J5="",$K5="",$L5=""),"",IFERROR($I5-($J5*$K5)-$L5,""))) | Q5: =IF($A5="","",IFERROR($P5/$I5,"")) | R5: =IF($A5="","",IF(OR($I5="",$O5=""),"",IFERROR($I5*$O5,""))) | S5: =IF($A5="","",IF(OR($P5="",$O5="",$M5=""),"",IFERROR(($P5*$O5)-$M5,""))) | T5: =IF($A5="","",IF($F5="","",IFERROR(MAX(0,DATEDIF($F5,IF(AND($H5="Closed",$G5<>""),$G5,Assumptions!$B$4),"m")),""))) | U5: =IF($A5="","",IFERROR(IF($P5>0,$M5/$P5,""),"")) | V5: =IF($A5="","",IF(OR($D5="",$E5="",$F5="",$H5="",$I5="",$J5="",$K5="",$L5="",$M5=""),"Review: missing input",IF(AND($F5<>"",$F5>Assumptions!$B$4),"Review: future start",IF(AND($F5<>"",$G5<>"",$G5<$F5),"Review: date order",IF(AND($G5<>"",$G5>Assumptions!$B$4),"Review: future end",IF(AND($H5="Closed",$G5=""),"Review: closed date",IF(AND($H5<>"Closed",$G5<>""),"Review: status/date",IF(OR($O5="",$O5<=0),"Review: retention",IF(AND($T5<>"",$O5<$T5),"Review: retention",IF(AND($P5<>"",$P5<=0),"Review: contribution",IF(AND($Q5<>"",$Q5<Assumptions!$B$5),"Review: low margin",IF(AND($U5<>"",$U5>Assumptions!$B$6),"Review: payback","OK"))))))))))))
A6: FIC-1003 | B6: Fictional Bluebird Circle HOA | C6: Fictional Bluebird Circle Grounds | D6: Small Commercial | E6: Landscape Care | F6: 44753 | H6: Active | I6: 1800 | J6: 8 | K6: 120 | L6: 210 | M6: 1000 | N6: 240 | O6: =IF($A6="","",IF($N6<>"",$N6,IFERROR(VLOOKUP($D6,Assumptions!$F$4:$G$8,2,FALSE),""))) | P6: =IF($A6="","",IF(OR($I6="",$J6="",$K6="",$L6=""),"",IFERROR($I6-($J6*$K6)-$L6,""))) | Q6: =IF($A6="","",IFERROR($P6/$I6,"")) | R6: =IF($A6="","",IF(OR($I6="",$O6=""),"",IFERROR($I6*$O6,""))) | S6: =IF($A6="","",IF(OR($P6="",$O6="",$M6=""),"",IFERROR(($P6*$O6)-$M6,""))) | T6: =IF($A6="","",IF($F6="","",IFERROR(MAX(0,DATEDIF($F6,IF(AND($H6="Closed",$G6<>""),$G6,Assumptions!$B$4),"m")),""))) | U6: =IF($A6="","",IFERROR(IF($P6>0,$M6/$P6,""),"")) | V6: =IF($A6="","",IF(OR($D6="",$E6="",$F6="",$H6="",$I6="",$J6="",$K6="",$L6="",$M6=""),"Review: missing input",IF(AND($F6<>"",$F6>Assumptions!$B$4),"Review: future start",IF(AND($F6<>"",$G6<>"",$G6<$F6),"Review: date order",IF(AND($G6<>"",$G6>Assumptions!$B$4),"Review: future end",IF(AND($H6="Closed",$G6=""),"Review: closed date",IF(AND($H6<>"Closed",$G6<>""),"Review: status/date",IF(OR($O6="",$O6<=0),"Review: retention",IF(AND($T6<>"",$O6<$T6),"Review: retention",IF(AND($P6<>"",$P6<=0),"Review: contribution",IF(AND($Q6<>"",$Q6<Assumptions!$B$5),"Review: low margin",IF(AND($U6<>"",$U6>Assumptions!$B$6),"Review: payback","OK"))))))))))))
A7: FIC-1004 | B7: Fictional Copper Acorn Cafe | C7: Fictional Copper Acorn Grounds | D7: Small Commercial | E7: Basic Mow | F7: 45057 | G7: 46033 | H7: Closed | I7: 520 | J7: 4 | K7: 75 | L7: 60 | M7: 360 | N7: 36 | O7: =IF($A7="","",IF($N7<>"",$N7,IFERROR(VLOOKUP($D7,Assumptions!$F$4:$G$8,2,FALSE),""))) | P7: =IF($A7="","",IF(OR($I7="",$J7="",$K7="",$L7=""),"",IFERROR($I7-($J7*$K7)-$L7,""))) | Q7: =IF($A7="","",IFERROR($P7/$I7,"")) | R7: =IF($A7="","",IF(OR($I7="",$O7=""),"",IFERROR($I7*$O7,""))) | S7: =IF($A7="","",IF(OR($P7="",$O7="",$M7=""),"",IFERROR(($P7*$O7)-$M7,""))) | T7: =IF($A7="","",IF($F7="","",IFERROR(MAX(0,DATEDIF($F7,IF(AND($H7="Closed",$G7<>""),$G7,Assumptions!$B$4),"m")),""))) | U7: =IF($A7="","",IFERROR(IF($P7>0,$M7/$P7,""),"")) | V7: =IF($A7="","",IF(OR($D7="",$E7="",$F7="",$H7="",$I7="",$J7="",$K7="",$L7="",$M7=""),"Review: missing input",IF(AND($F7<>"",$F7>Assumptions!$B$4),"Review: future start",IF(AND($F7<>"",$G7<>"",$G7<$F7),"Review: date order",IF(AND($G7<>"",$G7>Assumptions!$B$4),"Review: future end",IF(AND($H7="Closed",$G7=""),"Review: closed date",IF(AND($H7<>"Closed",$G7<>""),"Review: status/date",IF(OR($O7="",$O7<=0),"Review: retention",IF(AND($T7<>"",$O7<$T7),"Review: retention",IF(AND($P7<>"",$P7<=0),"Review: contribution",IF(AND($Q7<>"",$Q7<Assumptions!$B$5),"Review: low margin",IF(AND($U7<>"",$U7>Assumptions!$B$6),"Review: payback","OK"))))))))))))
A8: FIC-1005 | B8: Fictional Juniper Moon Studio | C8: Fictional Juniper Moon Garden | D8: Seasonal | E8: Seasonal Care | F8: 45972 | H8: Paused | I8: 210 | J8: 2 | K8: 55 | L8: 20 | M8: 720 | N8: 12 | O8: =IF($A8="","",IF($N8<>"",$N8,IFERROR(VLOOKUP($D8,Assumptions!$F$4:$G$8,2,FALSE),""))) | P8: =IF($A8="","",IF(OR($I8="",$J8="",$K8="",$L8=""),"",IFERROR($I8-($J8*$K8)-$L8,""))) | Q8: =IF($A8="","",IFERROR($P8/$I8,"")) | R8: =IF($A8="","",IF(OR($I8="",$O8=""),"",IFERROR($I8*$O8,""))) | S8: =IF($A8="","",IF(OR($P8="",$O8="",$M8=""),"",IFERROR(($P8*$O8)-$M8,""))) | T8: =IF($A8="","",IF($F8="","",IFERROR(MAX(0,DATEDIF($F8,IF(AND($H8="Closed",$G8<>""),$G8,Assumptions!$B$4),"m")),""))) | U8: =IF($A8="","",IFERROR(IF($P8>0,$M8/$P8,""),"")) | V8: =IF($A8="","",IF(OR($D8="",$E8="",$F8="",$H8="",$I8="",$J8="",$K8="",$L8="",$M8=""),"Review: missing input",IF(AND($F8<>"",$F8>Assumptions!$B$4),"Review: future start",IF(AND($F8<>"",$G8<>"",$G8<$F8),"Review: date order",IF(AND($G8<>"",$G8>Assumptions!$B$4),"Review: future end",IF(AND($H8="Closed",$G8=""),"Review: closed date",IF(AND($H8<>"Closed",$G8<>""),"Review: status/date",IF(OR($O8="",$O8<=0),"Review: retention",IF(AND($T8<>"",$O8<$T8),"Review: retention",IF(AND($P8<>"",$P8<=0),"Review: contribution",IF(AND($Q8<>"",$Q8<Assumptions!$B$5),"Review: low margin",IF(AND($U8<>"",$U8>Assumptions!$B$6),"Review: payback","OK"))))))))))))
A9: FIC-1006 | B9: Fictional Willow Compass Household | C9: Fictional Willow Compass Yard | D9: Residential Core | E9: Full Lawn | F9: 44450 | H9: Active | I9: 295 | J9: 4 | K9: 39 | L9: 22 | M9: 120 | O9: =IF($A9="","",IF($N9<>"",$N9,IFERROR(VLOOKUP($D9,Assumptions!$F$4:$G$8,2,FALSE),""))) | P9: =IF($A9="","",IF(OR($I9="",$J9="",$K9="",$L9=""),"",IFERROR($I9-($J9*$K9)-$L9,""))) | Q9: =IF($A9="","",IFERROR($P9/$I9,"")) | R9: =IF($A9="","",IF(OR($I9="",$O9=""),"",IFERROR($I9*$O9,""))) | S9: =IF($A9="","",IF(OR($P9="",$O9="",$M9=""),"",IFERROR(($P9*$O9)-$M9,""))) | T9: =IF($A9="","",IF($F9="","",IFERROR(MAX(0,DATEDIF($F9,IF(AND($H9="Closed",$G9<>""),$G9,Assumptions!$B$4),"m")),""))) | U9: =IF($A9="","",IFERROR(IF($P9>0,$M9/$P9,""),"")) | V9: =IF($A9="","",IF(OR($D9="",$E9="",$F9="",$H9="",$I9="",$J9="",$K9="",$L9="",$M9=""),"Review: missing input",IF(AND($F9<>"",$F9>Assumptions!$B$4),"Review: future start",IF(AND($F9<>"",$G9<>"",$G9<$F9),"Review: date order",IF(AND($G9<>"",$G9>Assumptions!$B$4),"Review: future end",IF(AND($H9="Closed",$G9=""),"Review: closed date",IF(AND($H9<>"Closed",$G9<>""),"Review: status/date",IF(OR($O9="",$O9<=0),"Review: retention",IF(AND($T9<>"",$O9<$T9),"Review: retention",IF(AND($P9<>"",$P9<=0),"Review: contribution",IF(AND($Q9<>"",$Q9<Assumptions!$B$5),"Review: low margin",IF(AND($U9<>"",$U9>Assumptions!$B$6),"Review: payback","OK"))))))))))))
A10: FIC-1007 | B10: Fictional Sunlit Pebble Offices | C10: Fictional Sunlit Pebble Grounds | D10: Small Commercial | E10: Landscape Care | F10: 46033 | H10: Active | I10: 1250 | J10: 6 | K10: 130 | L10: 160 | M10: 800 | O10: =IF($A10="","",IF($N10<>"",$N10,IFERROR(VLOOKUP($D10,Assumptions!$F$4:$G$8,2,FALSE),""))) | P10: =IF($A10="","",IF(OR($I10="",$J10="",$K10="",$L10=""),"",IFERROR($I10-($J10*$K10)-$L10,""))) | Q10: =IF($A10="","",IFERROR($P10/$I10,"")) | R10: =IF($A10="","",IF(OR($I10="",$O10=""),"",IFERROR($I10*$O10,""))) | S10: =IF($A10="","",IF(OR($P10="",$O10="",$M10=""),"",IFERROR(($P10*$O10)-$M10,""))) | T10: =IF($A10="","",IF($F10="","",IFERROR(MAX(0,DATEDIF($F10,IF(AND($H10="Closed",$G10<>""),$G10,Assumptions!$B$4),"m")),""))) | U10: =IF($A10="","",IFERROR(IF($P10>0,$M10/$P10,""),"")) | V10: =IF($A10="","",IF(OR($D10="",$E10="",$F10="",$H10="",$I10="",$J10="",$K10="",$L10="",$M10=""),"Review: missing input",IF(AND($F10<>"",$F10>Assumptions!$B$4),"Review: future start",IF(AND($F10<>"",$G10<>"",$G10<$F10),"Review: date order",IF(AND($G10<>"",$G10>Assumptions!$B$4),"Review: future end",IF(AND($H10="Closed",$G10=""),"Review: closed date",IF(AND($H10<>"Closed",$G10<>""),"Review: status/date",IF(OR($O10="",$O10<=0),"Review: retention",IF(AND($T10<>"",$O10<$T10),"Review: retention",IF(AND($P10<>"",$P10<=0),"Review: contribution",IF(AND($Q10<>"",$Q10<Assumptions!$B$5),"Review: low margin",IF(AND($U10<>"",$U10>Assumptions!$B$6),"Review: payback","OK"))))))))))))
A11: FIC-1008 | B11: Fictional Dandelion Clock Household | C11: Fictional Dandelion Clock Yard | D11: Seasonal | E11: Seasonal Care | F11: 45727 | G11: 45758 | H11: Closed | I11: 160 | J11: 2 | K11: 50 | L11: 15 | M11: 75 | N11: 1 | O11: =IF($A11="","",IF($N11<>"",$N11,IFERROR(VLOOKUP($D11,Assumptions!$F$4:$G$8,2,FALSE),""))) | P11: =IF($A11="","",IF(OR($I11="",$J11="",$K11="",$L11=""),"",IFERROR($I11-($J11*$K11)-$L11,""))) | Q11: =IF($A11="","",IFERROR($P11/$I11,"")) | R11: =IF($A11="","",IF(OR($I11="",$O11=""),"",IFERROR($I11*$O11,""))) | S11: =IF($A11="","",IF(OR($P11="",$O11="",$M11=""),"",IFERROR(($P11*$O11)-$M11,""))) | T11: =IF($A11="","",IF($F11="","",IFERROR(MAX(0,DATEDIF($F11,IF(AND($H11="Closed",$G11<>""),$G11,Assumptions!$B$4),"m")),""))) | U11: =IF($A11="","",IFERROR(IF($P11>0,$M11/$P11,""),"")) | V11: =IF($A11="","",IF(OR($D11="",$E11="",$F11="",$H11="",$I11="",$J11="",$K11="",$L11="",$M11=""),"Review: missing input",IF(AND($F11<>"",$F11>Assumptions!$B$4),"Review: future start",IF(AND($F11<>"",$G11<>"",$G11<$F11),"Review: date order",IF(AND($G11<>"",$G11>Assumptions!$B$4),"Review: future end",IF(AND($H11="Closed",$G11=""),"Review: closed date",IF(AND($H11<>"Closed",$G11<>""),"Review: status/date",IF(OR($O11="",$O11<=0),"Review: retention",IF(AND($T11<>"",$O11<$T11),"Review: retention",IF(AND($P11<>"",$P11<=0),"Review: contribution",IF(AND($Q11<>"",$Q11<Assumptions!$B$5),"Review: low margin",IF(AND($U11<>"",$U11>Assumptions!$B$6),"Review: payback","OK"))))))))))))
A12: FIC-1009 | B12: Fictional Harbor Fern Shop | C12: Fictional Harbor Fern Grounds | D12: Other | E12: Mow and Edge | F12: 46123 | H12: Paused | I12: 450 | J12: 3 | K12: 90 | L12: 55 | M12: 250 | N12: 24 | O12: =IF($A12="","",IF($N12<>"",$N12,IFERROR(VLOOKUP($D12,Assumptions!$F$4:$G$8,2,FALSE),""))) | P12: =IF($A12="","",IF(OR($I12="",$J12="",$K12="",$L12=""),"",IFERROR($I12-($J12*$K12)-$L12,""))) | Q12: =IF($A12="","",IFERROR($P12/$I12,"")) | R12: =IF($A12="","",IF(OR($I12="",$O12=""),"",IFERROR($I12*$O12,""))) | S12: =IF($A12="","",IF(OR($P12="",$O12="",$M12=""),"",IFERROR(($P12*$O12)-$M12,""))) | T12: =IF($A12="","",IF($F12="","",IFERROR(MAX(0,DATEDIF($F12,IF(AND($H12="Closed",$G12<>""),$G12,Assumptions!$B$4),"m")),""))) | U12: =IF($A12="","",IFERROR(IF($P12>0,$M12/$P12,""),"")) | V12: =IF($A12="","",IF(OR($D12="",$E12="",$F12="",$H12="",$I12="",$J12="",$K12="",$L12="",$M12=""),"Review: missing input",IF(AND($F12<>"",$F12>Assumptions!$B$4),"Review: future start",IF(AND($F12<>"",$G12<>"",$G12<$F12),"Review: date order",IF(AND($G12<>"",$G12>Assumptions!$B$4),"Review: future end",IF(AND($H12="Closed",$G12=""),"Review: closed date",IF(AND($H12<>"Closed",$G12<>""),"Review: status/date",IF(OR($O12="",$O12<=0),"Review: retention",IF(AND($T12<>"",$O12<$T12),"Review: retention",IF(AND($P12<>"",$P12<=0),"Review: contribution",IF(AND($Q12<>"",$Q12<Assumptions!$B$5),"Review: low margin",IF(AND($U12<>"",$U12>Assumptions!$B$6),"Review: payback","OK"))))))))))))
A13: FIC-1010 | B13: Fictional Silver Sprout Household | C13: Fictional Silver Sprout Yard | D13: Residential Premium | E13: Full Lawn | F13: 45668 | H13: Active | I13: 310 | J13: 4 | K13: 42 | L13: 30 | M13: 150 | O13: =IF($A13="","",IF($N13<>"",$N13,IFERROR(VLOOKUP($D13,Assumptions!$F$4:$G$8,2,FALSE),""))) | P13: =IF($A13="","",IF(OR($I13="",$J13="",$K13="",$L13=""),"",IFERROR($I13-($J13*$K13)-$L13,""))) | Q13: =IF($A13="","",IFERROR($P13/$I13,"")) | R13: =IF($A13="","",IF(OR($I13="",$O13=""),"",IFERROR($I13*$O13,""))) | S13: =IF($A13="","",IF(OR($P13="",$O13="",$M13=""),"",IFERROR(($P13*$O13)-$M13,""))) | T13: =IF($A13="","",IF($F13="","",IFERROR(MAX(0,DATEDIF($F13,IF(AND($H13="Closed",$G13<>""),$G13,Assumptions!$B$4),"m")),""))) | U13: =IF($A13="","",IFERROR(IF($P13>0,$M13/$P13,""),"")) | V13: =IF($A13="","",IF(OR($D13="",$E13="",$F13="",$H13="",$I13="",$J13="",$K13="",$L13="",$M13=""),"Review: missing input",IF(AND($F13<>"",$F13>Assumptions!$B$4),"Review: future start",IF(AND($F13<>"",$G13<>"",$G13<$F13),"Review: date order",IF(AND($G13<>"",$G13>Assumptions!$B$4),"Review: future end",IF(AND($H13="Closed",$G13=""),"Review: closed date",IF(AND($H13<>"Closed",$G13<>""),"Review: status/date",IF(OR($O13="",$O13<=0),"Review: retention",IF(AND($T13<>"",$O13<$T13),"Review: retention",IF(AND($P13<>"",$P13<=0),"Review: contribution",IF(AND($Q13<>"",$Q13<Assumptions!$B$5),"Review: low margin",IF(AND($U13<>"",$U13>Assumptions!$B$6),"Review: payback","OK"))))))))))))
O14: =IF($A14="","",IF($N14<>"",$N14,IFERROR(VLOOKUP($D14,Assumptions!$F$4:$G$8,2,FALSE),""))) | P14: =IF($A14="","",IF(OR($I14="",$J14="",$K14="",$L14=""),"",IFERROR($I14-($J14*$K14)-$L14,""))) | Q14: =IF($A14="","",IFERROR($P14/$I14,"")) | R14: =IF($A14="","",IF(OR($I14="",$O14=""),"",IFERROR($I14*$O14,""))) | S14: =IF($A14="","",IF(OR($P14="",$O14="",$M14=""),"",IFERROR(($P14*$O14)-$M14,""))) | T14: =IF($A14="","",IF($F14="","",IFERROR(MAX(0,DATEDIF($F14,IF(AND($H14="Closed",$G14<>""),$G14,Assumptions!$B$4),"m")),""))) | U14: =IF($A14="","",IFERROR(IF($P14>0,$M14/$P14,""),"")) | V14: =IF($A14="","",IF(OR($D14="",$E14="",$F14="",$H14="",$I14="",$J14="",$K14="",$L14="",$M14=""),"Review: missing input",IF(AND($F14<>"",$F14>Assumptions!$B$4),"Review: future start",IF(AND($F14<>"",$G14<>"",$G14<$F14),"Review: date order",IF(AND($G14<>"",$G14>Assumptions!$B$4),"Review: future end",IF(AND($H14="Closed",$G14=""),"Review: closed date",IF(AND($H14<>"Closed",$G14<>""),"Review: status/date",IF(OR($O14="",$O14<=0),"Review: retention",IF(AND($T14<>"",$O14<$T14),"Review: retention",IF(AND($P14<>"",$P14<=0),"Review: contribution",IF(AND($Q14<>"",$Q14<Assumptions!$B$5),"Review: low margin",IF(AND($U14<>"",$U14>Assumptions!$B$6),"Review: payback","OK"))))))))))))
O15: =IF($A15="","",IF($N15<>"",$N15,IFERROR(VLOOKUP($D15,Assumptions!$F$4:$G$8,2,FALSE),""))) | P15: =IF($A15="","",IF(OR($I15="",$J15="",$K15="",$L15=""),"",IFERROR($I15-($J15*$K15)-$L15,""))) | Q15: =IF($A15="","",IFERROR($P15/$I15,"")) | R15: =IF($A15="","",IF(OR($I15="",$O15=""),"",IFERROR($I15*$O15,""))) | S15: =IF($A15="","",IF(OR($P15="",$O15="",$M15=""),"",IFERROR(($P15*$O15)-$M15,""))) | T15: =IF($A15="","",IF($F15="","",IFERROR(MAX(0,DATEDIF($F15,IF(AND($H15="Closed",$G15<>""),$G15,Assumptions!$B$4),"m")),""))) | U15: =IF($A15="","",IFERROR(IF($P15>0,$M15/$P15,""),"")) | V15: =IF($A15="","",IF(OR($D15="",$E15="",$F15="",$H15="",$I15="",$J15="",$K15="",$L15="",$M15=""),"Review: missing input",IF(AND($F15<>"",$F15>Assumptions!$B$4),"Review: future start",IF(AND($F15<>"",$G15<>"",$G15<$F15),"Review: date order",IF(AND($G15<>"",$G15>Assumptions!$B$4),"Review: future end",IF(AND($H15="Closed",$G15=""),"Review: closed date",IF(AND($H15<>"Closed",$G15<>""),"Review: status/date",IF(OR($O15="",$O15<=0),"Review: retention",IF(AND($T15<>"",$O15<$T15),"Review: retention",IF(AND($P15<>"",$P15<=0),"Review: contribution",IF(AND($Q15<>"",$Q15<Assumptions!$B$5),"Review: low margin",IF(AND($U15<>"",$U15>Assumptions!$B$6),"Review: payback","OK"))))))))))))
O16: =IF($A16="","",IF($N16<>"",$N16,IFERROR(VLOOKUP($D16,Assumptions!$F$4:$G$8,2,FALSE),""))) | P16: =IF($A16="","",IF(OR($I16="",$J16="",$K16="",$L16=""),"",IFERROR($I16-($J16*$K16)-$L16,""))) | Q16: =IF($A16="","",IFERROR($P16/$I16,"")) | R16: =IF($A16="","",IF(OR($I16="",$O16=""),"",IFERROR($I16*$O16,""))) | S16: =IF($A16="","",IF(OR($P16="",$O16="",$M16=""),"",IFERROR(($P16*$O16)-$M16,""))) | T16: =IF($A16="","",IF($F16="","",IFERROR(MAX(0,DATEDIF($F16,IF(AND($H16="Closed",$G16<>""),$G16,Assumptions!$B$4),"m")),""))) | U16: =IF($A16="","",IFERROR(IF($P16>0,$M16/$P16,""),"")) | V16: =IF($A16="","",IF(OR($D16="",$E16="",$F16="",$H16="",$I16="",$J16="",$K16="",$L16="",$M16=""),"Review: missing input",IF(AND($F16<>"",$F16>Assumptions!$B$4),"Review: future start",IF(AND($F16<>"",$G16<>"",$G16<$F16),"Review: date order",IF(AND($G16<>"",$G16>Assumptions!$B$4),"Review: future end",IF(AND($H16="Closed",$G16=""),"Review: closed date",IF(AND($H16<>"Closed",$G16<>""),"Review: status/date",IF(OR($O16="",$O16<=0),"Review: retention",IF(AND($T16<>"",$O16<$T16),"Review: retention",IF(AND($P16<>"",$P16<=0),"Review: contribution",IF(AND($Q16<>"",$Q16<Assumptions!$B$5),"Review: low margin",IF(AND($U16<>"",$U16>Assumptions!$B$6),"Review: payback","OK"))))))))))))
O17: =IF($A17="","",IF($N17<>"",$N17,IFERROR(VLOOKUP($D17,Assumptions!$F$4:$G$8,2,FALSE),""))) | P17: =IF($A17="","",IF(OR($I17="",$J17="",$K17="",$L17=""),"",IFERROR($I17-($J17*$K17)-$L17,""))) | Q17: =IF($A17="","",IFERROR($P17/$I17,"")) | R17: =IF($A17="","",IF(OR($I17="",$O17=""),"",IFERROR($I17*$O17,""))) | S17: =IF($A17="","",IF(OR($P17="",$O17="",$M17=""),"",IFERROR(($P17*$O17)-$M17,""))) | T17: =IF($A17="","",IF($F17="","",IFERROR(MAX(0,DATEDIF($F17,IF(AND($H17="Closed",$G17<>""),$G17,Assumptions!$B$4),"m")),""))) | U17: =IF($A17="","",IFERROR(IF($P17>0,$M17/$P17,""),"")) | V17: =IF($A17="","",IF(OR($D17="",$E17="",$F17="",$H17="",$I17="",$J17="",$K17="",$L17="",$M17=""),"Review: missing input",IF(AND($F17<>"",$F17>Assumptions!$B$4),"Review: future start",IF(AND($F17<>"",$G17<>"",$G17<$F17),"Review: date order",IF(AND($G17<>"",$G17>Assumptions!$B$4),"Review: future end",IF(AND($H17="Closed",$G17=""),"Review: closed date",IF(AND($H17<>"Closed",$G17<>""),"Review: status/date",IF(OR($O17="",$O17<=0),"Review: retention",IF(AND($T17<>"",$O17<$T17),"Review: retention",IF(AND($P17<>"",$P17<=0),"Review: contribution",IF(AND($Q17<>"",$Q17<Assumptions!$B$5),"Review: low margin",IF(AND($U17<>"",$U17>Assumptions!$B$6),"Review: payback","OK"))))))))))))
O18: =IF($A18="","",IF($N18<>"",$N18,IFERROR(VLOOKUP($D18,Assumptions!$F$4:$G$8,2,FALSE),""))) | P18: =IF($A18="","",IF(OR($I18="",$J18="",$K18="",$L18=""),"",IFERROR($I18-($J18*$K18)-$L18,""))) | Q18: =IF($A18="","",IFERROR($P18/$I18,"")) | R18: =IF($A18="","",IF(OR($I18="",$O18=""),"",IFERROR($I18*$O18,""))) | S18: =IF($A18="","",IF(OR($P18="",$O18="",$M18=""),"",IFERROR(($P18*$O18)-$M18,""))) | T18: =IF($A18="","",IF($F18="","",IFERROR(MAX(0,DATEDIF($F18,IF(AND($H18="Closed",$G18<>""),$G18,Assumptions!$B$4),"m")),""))) | U18: =IF($A18="","",IFERROR(IF($P18>0,$M18/$P18,""),"")) | V18: =IF($A18="","",IF(OR($D18="",$E18="",$F18="",$H18="",$I18="",$J18="",$K18="",$L18="",$M18=""),"Review: missing input",IF(AND($F18<>"",$F18>Assumptions!$B$4),"Review: future start",IF(AND($F18<>"",$G18<>"",$G18<$F18),"Review: date order",IF(AND($G18<>"",$G18>Assumptions!$B$4),"Review: future end",IF(AND($H18="Closed",$G18=""),"Review: closed date",IF(AND($H18<>"Closed",$G18<>""),"Review: status/date",IF(OR($O18="",$O18<=0),"Review: retention",IF(AND($T18<>"",$O18<$T18),"Review: retention",IF(AND($P18<>"",$P18<=0),"Review: contribution",IF(AND($Q18<>"",$Q18<Assumptions!$B$5),"Review: low margin",IF(AND($U18<>"",$U18>Assumptions!$B$6),"Review: payback","OK"))))))))))))
O19: =IF($A19="","",IF($N19<>"",$N19,IFERROR(VLOOKUP($D19,Assumptions!$F$4:$G$8,2,FALSE),""))) | P19: =IF($A19="","",IF(OR($I19="",$J19="",$K19="",$L19=""),"",IFERROR($I19-($J19*$K19)-$L19,""))) | Q19: =IF($A19="","",IFERROR($P19/$I19,"")) | R19: =IF($A19="","",IF(OR($I19="",$O19=""),"",IFERROR($I19*$O19,""))) | S19: =IF($A19="","",IF(OR($P19="",$O19="",$M19=""),"",IFERROR(($P19*$O19)-$M19,""))) | T19: =IF($A19="","",IF($F19="","",IFERROR(MAX(0,DATEDIF($F19,IF(AND($H19="Closed",$G19<>""),$G19,Assumptions!$B$4),"m")),""))) | U19: =IF($A19="","",IFERROR(IF($P19>0,$M19/$P19,""),"")) | V19: =IF($A19="","",IF(OR($D19="",$E19="",$F19="",$H19="",$I19="",$J19="",$K19="",$L19="",$M19=""),"Review: missing input",IF(AND($F19<>"",$F19>Assumptions!$B$4),"Review: future start",IF(AND($F19<>"",$G19<>"",$G19<$F19),"Review: date order",IF(AND($G19<>"",$G19>Assumptions!$B$4),"Review: future end",IF(AND($H19="Closed",$G19=""),"Review: closed date",IF(AND($H19<>"Closed",$G19<>""),"Review: status/date",IF(OR($O19="",$O19<=0),"Review: retention",IF(AND($T19<>"",$O19<$T19),"Review: retention",IF(AND($P19<>"",$P19<=0),"Review: contribution",IF(AND($Q19<>"",$Q19<Assumptions!$B$5),"Review: low margin",IF(AND($U19<>"",$U19>Assumptions!$B$6),"Review: payback","OK"))))))))))))
O20: =IF($A20="","",IF($N20<>"",$N20,IFERROR(VLOOKUP($D20,Assumptions!$F$4:$G$8,2,FALSE),""))) | P20: =IF($A20="","",IF(OR($I20="",$J20="",$K20="",$L20=""),"",IFERROR($I20-($J20*$K20)-$L20,""))) | Q20: =IF($A20="","",IFERROR($P20/$I20,"")) | R20: =IF($A20="","",IF(OR($I20="",$O20=""),"",IFERROR($I20*$O20,""))) | S20: =IF($A20="","",IF(OR($P20="",$O20="",$M20=""),"",IFERROR(($P20*$O20)-$M20,""))) | T20: =IF($A20="","",IF($F20="","",IFERROR(MAX(0,DATEDIF($F20,IF(AND($H20="Closed",$G20<>""),$G20,Assumptions!$B$4),"m")),""))) | U20: =IF($A20="","",IFERROR(IF($P20>0,$M20/$P20,""),"")) | V20: =IF($A20="","",IF(OR($D20="",$E20="",$F20="",$H20="",$I20="",$J20="",$K20="",$L20="",$M20=""),"Review: missing input",IF(AND($F20<>"",$F20>Assumptions!$B$4),"Review: future start",IF(AND($F20<>"",$G20<>"",$G20<$F20),"Review: date order",IF(AND($G20<>"",$G20>Assumptions!$B$4),"Review: future end",IF(AND($H20="Closed",$G20=""),"Review: closed date",IF(AND($H20<>"Closed",$G20<>""),"Review: status/date",IF(OR($O20="",$O20<=0),"Review: retention",IF(AND($T20<>"",$O20<$T20),"Review: retention",IF(AND($P20<>"",$P20<=0),"Review: contribution",IF(AND($Q20<>"",$Q20<Assumptions!$B$5),"Review: low margin",IF(AND($U20<>"",$U20>Assumptions!$B$6),"Review: payback","OK"))))))))))))
O21: =IF($A21="","",IF($N21<>"",$N21,IFERROR(VLOOKUP($D21,Assumptions!$F$4:$G$8,2,FALSE),""))) | P21: =IF($A21="","",IF(OR($I21="",$J21="",$K21="",$L21=""),"",IFERROR($I21-($J21*$K21)-$L21,""))) | Q21: =IF($A21="","",IFERROR($P21/$I21,"")) | R21: =IF($A21="","",IF(OR($I21="",$O21=""),"",IFERROR($I21*$O21,""))) | S21: =IF($A21="","",IF(OR($P21="",$O21="",$M21=""),"",IFERROR(($P21*$O21)-$M21,""))) | T21: =IF($A21="","",IF($F21="","",IFERROR(MAX(0,DATEDIF($F21,IF(AND($H21="Closed",$G21<>""),$G21,Assumptions!$B$4),"m")),""))) | U21: =IF($A21="","",IFERROR(IF($P21>0,$M21/$P21,""),"")) | V21: =IF($A21="","",IF(OR($D21="",$E21="",$F21="",$H21="",$I21="",$J21="",$K21="",$L21="",$M21=""),"Review: missing input",IF(AND($F21<>"",$F21>Assumptions!$B$4),"Review: future start",IF(AND($F21<>"",$G21<>"",$G21<$F21),"Review: date order",IF(AND($G21<>"",$G21>Assumptions!$B$4),"Review: future end",IF(AND($H21="Closed",$G21=""),"Review: closed date",IF(AND($H21<>"Closed",$G21<>""),"Review: status/date",IF(OR($O21="",$O21<=0),"Review: retention",IF(AND($T21<>"",$O21<$T21),"Review: retention",IF(AND($P21<>"",$P21<=0),"Review: contribution",IF(AND($Q21<>"",$Q21<Assumptions!$B$5),"Review: low margin",IF(AND($U21<>"",$U21>Assumptions!$B$6),"Review: payback","OK"))))))))))))
O22: =IF($A22="","",IF($N22<>"",$N22,IFERROR(VLOOKUP($D22,Assumptions!$F$4:$G$8,2,FALSE),""))) | P22: =IF($A22="","",IF(OR($I22="",$J22="",$K22="",$L22=""),"",IFERROR($I22-($J22*$K22)-$L22,""))) | Q22: =IF($A22="","",IFERROR($P22/$I22,"")) | R22: =IF($A22="","",IF(OR($I22="",$O22=""),"",IFERROR($I22*$O22,""))) | S22: =IF($A22="","",IF(OR($P22="",$O22="",$M22=""),"",IFERROR(($P22*$O22)-$M22,""))) | T22: =IF($A22="","",IF($F22="","",IFERROR(MAX(0,DATEDIF($F22,IF(AND($H22="Closed",$G22<>""),$G22,Assumptions!$B$4),"m")),""))) | U22: =IF($A22="","",IFERROR(IF($P22>0,$M22/$P22,""),"")) | V22: =IF($A22="","",IF(OR($D22="",$E22="",$F22="",$H22="",$I22="",$J22="",$K22="",$L22="",$M22=""),"Review: missing input",IF(AND($F22<>"",$F22>Assumptions!$B$4),"Review: future start",IF(AND($F22<>"",$G22<>"",$G22<$F22),"Review: date order",IF(AND($G22<>"",$G22>Assumptions!$B$4),"Review: future end",IF(AND($H22="Closed",$G22=""),"Review: closed date",IF(AND($H22<>"Closed",$G22<>""),"Review: status/date",IF(OR($O22="",$O22<=0),"Review: retention",IF(AND($T22<>"",$O22<$T22),"Review: retention",IF(AND($P22<>"",$P22<=0),"Review: contribution",IF(AND($Q22<>"",$Q22<Assumptions!$B$5),"Review: low margin",IF(AND($U22<>"",$U22>Assumptions!$B$6),"Review: payback","OK"))))))))))))
O23: =IF($A23="","",IF($N23<>"",$N23,IFERROR(VLOOKUP($D23,Assumptions!$F$4:$G$8,2,FALSE),""))) | P23: =IF($A23="","",IF(OR($I23="",$J23="",$K23="",$L23=""),"",IFERROR($I23-($J23*$K23)-$L23,""))) | Q23: =IF($A23="","",IFERROR($P23/$I23,"")) | R23: =IF($A23="","",IF(OR($I23="",$O23=""),"",IFERROR($I23*$O23,""))) | S23: =IF($A23="","",IF(OR($P23="",$O23="",$M23=""),"",IFERROR(($P23*$O23)-$M23,""))) | T23: =IF($A23="","",IF($F23="","",IFERROR(MAX(0,DATEDIF($F23,IF(AND($H23="Closed",$G23<>""),$G23,Assumptions!$B$4),"m")),""))) | U23: =IF($A23="","",IFERROR(IF($P23>0,$M23/$P23,""),"")) | V23: =IF($A23="","",IF(OR($D23="",$E23="",$F23="",$H23="",$I23="",$J23="",$K23="",$L23="",$M23=""),"Review: missing input",IF(AND($F23<>"",$F23>Assumptions!$B$4),"Review: future start",IF(AND($F23<>"",$G23<>"",$G23<$F23),"Review: date order",IF(AND($G23<>"",$G23>Assumptions!$B$4),"Review: future end",IF(AND($H23="Closed",$G23=""),"Review: closed date",IF(AND($H23<>"Closed",$G23<>""),"Review: status/date",IF(OR($O23="",$O23<=0),"Review: retention",IF(AND($T23<>"",$O23<$T23),"Review: retention",IF(AND($P23<>"",$P23<=0),"Review: contribution",IF(AND($Q23<>"",$Q23<Assumptions!$B$5),"Review: low margin",IF(AND($U23<>"",$U23>Assumptions!$B$6),"Review: payback","OK"))))))))))))
O24: =IF($A24="","",IF($N24<>"",$N24,IFERROR(VLOOKUP($D24,Assumptions!$F$4:$G$8,2,FALSE),""))) | P24: =IF($A24="","",IF(OR($I24="",$J24="",$K24="",$L24=""),"",IFERROR($I24-($J24*$K24)-$L24,""))) | Q24: =IF($A24="","",IFERROR($P24/$I24,"")) | R24: =IF($A24="","",IF(OR($I24="",$O24=""),"",IFERROR($I24*$O24,""))) | S24: =IF($A24="","",IF(OR($P24="",$O24="",$M24=""),"",IFERROR(($P24*$O24)-$M24,""))) | T24: =IF($A24="","",IF($F24="","",IFERROR(MAX(0,DATEDIF($F24,IF(AND($H24="Closed",$G24<>""),$G24,Assumptions!$B$4),"m")),""))) | U24: =IF($A24="","",IFERROR(IF($P24>0,$M24/$P24,""),"")) | V24: =IF($A24="","",IF(OR($D24="",$E24="",$F24="",$H24="",$I24="",$J24="",$K24="",$L24="",$M24=""),"Review: missing input",IF(AND($F24<>"",$F24>Assumptions!$B$4),"Review: future start",IF(AND($F24<>"",$G24<>"",$G24<$F24),"Review: date order",IF(AND($G24<>"",$G24>Assumptions!$B$4),"Review: future end",IF(AND($H24="Closed",$G24=""),"Review: closed date",IF(AND($H24<>"Closed",$G24<>""),"Review: status/date",IF(OR($O24="",$O24<=0),"Review: retention",IF(AND($T24<>"",$O24<$T24),"Review: retention",IF(AND($P24<>"",$P24<=0),"Review: contribution",IF(AND($Q24<>"",$Q24<Assumptions!$B$5),"Review: low margin",IF(AND($U24<>"",$U24>Assumptions!$B$6),"Review: payback","OK"))))))))))))
O25: =IF($A25="","",IF($N25<>"",$N25,IFERROR(VLOOKUP($D25,Assumptions!$F$4:$G$8,2,FALSE),""))) | P25: =IF($A25="","",IF(OR($I25="",$J25="",$K25="",$L25=""),"",IFERROR($I25-($J25*$K25)-$L25,""))) | Q25: =IF($A25="","",IFERROR($P25/$I25,"")) | R25: =IF($A25="","",IF(OR($I25="",$O25=""),"",IFERROR($I25*$O25,""))) | S25: =IF($A25="","",IF(OR($P25="",$O25="",$M25=""),"",IFERROR(($P25*$O25)-$M25,""))) | T25: =IF($A25="","",IF($F25="","",IFERROR(MAX(0,DATEDIF($F25,IF(AND($H25="Closed",$G25<>""),$G25,Assumptions!$B$4),"m")),""))) | U25: =IF($A25="","",IFERROR(IF($P25>0,$M25/$P25,""),"")) | V25: =IF($A25="","",IF(OR($D25="",$E25="",$F25="",$H25="",$I25="",$J25="",$K25="",$L25="",$M25=""),"Review: missing input",IF(AND($F25<>"",$F25>Assumptions!$B$4),"Review: future start",IF(AND($F25<>"",$G25<>"",$G25<$F25),"Review: date order",IF(AND($G25<>"",$G25>Assumptions!$B$4),"Review: future end",IF(AND($H25="Closed",$G25=""),"Review: closed date",IF(AND($H25<>"Closed",$G25<>""),"Review: status/date",IF(OR($O25="",$O25<=0),"Review: retention",IF(AND($T25<>"",$O25<$T25),"Review: retention",IF(AND($P25<>"",$P25<=0),"Review: contribution",IF(AND($Q25<>"",$Q25<Assumptions!$B$5),"Review: low margin",IF(AND($U25<>"",$U25>Assumptions!$B$6),"Review: payback","OK"))))))))))))
... O103: =IF($A103="","",IF($N103<>"",$N103,IFERROR(VLOOKUP($D103,Assumptions!$F$4:$G$8,2,FALSE),""))) | P103: =IF($A103="","",IF(OR($I103="",$J103="",$K103="",$L103=""),"",IFERROR($I103-($J103*$K103)-$L103,""))) | Q103: =IF($A103="","",IFERROR($P103/$I103,"")) | R103: =IF($A103="","",IF(OR($I103="",$O103=""),"",IFERROR($I103*$O103,""))) | S103: =IF($A103="","",IF(OR($P103="",$O103="",$M103=""),"",IFERROR(($P103*$O103)-$M103,""))) | T103: =IF($A103="","",IF($F103="","",IFERROR(MAX(0,DATEDIF($F103,IF(AND($H103="Closed",$G103<>""),$G103,Assumptions!$B$4),"m")),""))) | U103: =IF($A103="","",IFERROR(IF($P103>0,$M103/$P103,""),"")) | V103: =IF($A103="","",IF(OR($D103="",$E103="",$F103="",$H103="",$I103="",$J103="",$K103="",$L103="",$M103=""),"Review: missing input",IF(AND($F103<>"",$F103>Assumptions!$B$4),"Review: future start",IF(AND($F103<>"",$G103<>"",$G103<$F103),"Review: date order",IF(AND($G103<>"",$G103>Assumptions!$B$4),"Review: future end",IF(AND($H103="Closed",$G103=""),"Review: closed date",IF(AND($H103<>"Closed",$G103<>""),"Review: status/date",IF(OR($O103="",$O103<=0),"Review: retention",IF(AND($T103<>"",$O103<$T103),"Review: retention",IF(AND($P103<>"",$P103<=0),"Review: contribution",IF(AND($Q103<>"",$Q103<Assumptions!$B$5),"Review: low margin",IF(AND($U103<>"",$U103>Assumptions!$B$6),"Review: payback","OK"))))))))))))

Sheet Assumptions
A1: Editable Assumptions and Choice Lists
A3: Setting | B3: Value | C3: Unit | D3: Use | F3: Segment | G3: Default Retention Months | I3: Service Plan | K3: Status
A4: Valuation date | B4: 46276 | C4: Date | D4: Used to measure observed customer months. | F4: Residential Core | G4: 36 | I4: Basic Mow | K4: Active
A5: Low margin review threshold | B5: 0.25 | C5: Percent | D5: Flags a row for human review below this margin. | F5: Residential Premium | G5: 48 | I5: Full Lawn | K5: Paused
A6: Long payback review threshold | B6: 8 | C6: Months | D6: Flags a row for human review above this payback period. | F6: Small Commercial | G6: 60 | I6: Landscape Care | K6: Closed
A7: Earliest accepted date | B7: 42370 | C7: Date | D7: Lower limit for entered start and end dates. | F7: Seasonal | G7: 18 | I7: Seasonal Care
A8: Latest accepted date | B8: 46641 | C8: Date | D8: Upper limit for entered start and end dates. | F8: Other | G8: 24 | I8: Mow and Edge
A9: Maximum monthly revenue | B9: 50000 | C9: US dollars | D9: Upper validation limit for monthly recurring revenue.
A10: Maximum visits per month | B10: 31 | C10: Visits | D10: Upper validation limit for monthly visit quantity.
A11: Maximum cost input | B11: 50000 | C11: US dollars | D11: Upper validation limit for cost fields.
A12: Maximum retention | B12: 240 | C12: Months | D12: Upper validation limit for retention months.
A15: Estimate note | B15: Customer value is an estimate based on entered recurring revenue, entered costs, and entered retention.
A16: Review note | B16: Alerts request a human check only and do not verify contracts, taxes, or compliance.
A17: Date note | B17: Change the valuation date to test another as-of date.
